 Dungeon Crawl Stone Soup version 0.14.2 (webtiles) character file.

191 dwapunkty the Digger (level 4, -5/24 HPs)
             Began as a Gargoyle Earth Elementalist on Aug 29, 2017.
             Killed by divine providence
             ... invoked by an orc priest
              (12 damage)
             ... on Level 3 of the Dungeon.
             The game lasted 00:26:02 (2055 turns).

dwapunkty the Digger (Gargoyle Earth Elementalist)  Turns: 2055, Time: 00:26:03

HP  -5/24        AC  8     Str 11      XL: 4   Next: 54%
MP   7/7         EV 12     Int 17      God:
Gold 103         SH  0     Dex 10      Spells:  2 memorised,  3 levels left

rFire  . . .     SeeInvis .     i - +2,+0 short sword (venom)
rCold  . . .     Clarity  .     c - +0 robe
rNeg   + . .     Conserve .     (no shield)
rPois  +         rCorr    .     (no helmet)
rElec  +         rRot     +     k - +0 cloak
SustAb . .       Spirit   .     n - +1 pair of gloves {archer}
rMut   .         Warding  .     (no boots)
Saprov . . .     Stasis   .     (no amulet)
MR     .....                    (no ring)
                                (no ring)

@: not resistant to hostile enchantments, fairly stealthy
A: life protection 1, electricity resistance, unbreathing, petrification
resistance, AC +3
a: no special abilities


You were on level 3 of the Dungeon.
You were not hungry.

You visited 1 branch of the dungeon, and saw 3 of its levels.

You collected 103 gold pieces.

Inventory:

Hand weapons
 e - a +2,+2 sling of evasion
 i - a +2,+0 short sword of venom (weapon)
 m - a +0,+0 short sword
 u - a +0,+0 club
 v - a +0,+1 sling
 A - a +1,+1 falchion
 E - a +0,+0 spear
 L - a +0,+0 mace
 M - a +0,+0 quarterstaff
 N - a +0,+3 vampiric hand axe
Missiles
 b - 37 stones (quivered)
 l - 4 darts
 q - 46 bolts
 C - 27 arrows
Armour
 c - a +0 robe (worn)
 g - a +0 pair of gloves
 k - a +0 cloak (worn)
 n - a +1 pair of gloves of archery (worn)
 o - a +0 ring mail
 p - a +0 leather armour
 x - a +0 robe
 y - a +0 ring mail
 z - a +0 robe
 F - a +0 robe
 K - a +0 pair of gloves
 O - a +0 chain mail
Comestibles
 f - a rotting chunk of hobgoblin flesh
 G - a rotting chunk of goblin flesh
Scrolls
 s - a scroll of magic mapping
 w - a scroll of enchant weapon II
 D - 2 scrolls of remove curse
Potions
 h - a potion of poison {unknown}
 r - a potion of flight {unknown}
 B - 2 potions of curing
 I - a potion of beneficial mutation {unknown}
 J - a potion of restore abilities {unknown}
Books
 d - a book of Geomancy

   Spells                             Type                      Level
   *Sandblast                         Earth                        1
   Stoneskin                          Transmutation/Earth          2
   Passwall                           Transmutation/Earth          3
   *Stone Arrow                       Conjuration/Earth            3
   Petrify                            Transmutation/Earth          4
   Lee's Rapid Deconstruction         Earth                        5


   Skills:
 + Level 0.3 Short Blades
 + Level 0.8 Slings
 + Level 2.3 Dodging
 + Level 3.1 Stealth
 + Level 2.2 Spellcasting
 + Level 0.2 Conjurations
   Level 0.7 Transmutations
 + Level 4.6 Earth Magic


You had 3 spell levels left.
You knew the following spells:

 Your Spells              Type           Power        Failure   Level  Hunger
a - Sandblast             Erth           ###...       2%          1    #......
b - Stone Arrow           Conj/Erth      ##....       24%         3    ####...


Dungeon Overview and Level Annotations

Branches:
Dungeon (3/15)

Altars:

Annotations:
D:3 Jessica


Innate Abilities, Weirdness & Mutations

You are resistant to torment.
You are immune to poison.
You are immune to rotting.
Your stone body is very resilient (AC +3).
You resist negative energy.
You are resistant to electric shocks.
You can survive without breathing.
You are immune to petrification.


Message History

The orc priest is lightly wounded.
The orc priest hits you but does no damage.
You hit the orc priest but do no damage.
The orc priest is lightly wounded.
The orc priest calls down the wrath of Beogh upon you.
Something smites you!
Ouch! That really hurt!
You hit the orc priest but do no damage.
The orc priest looks even sicker.
The orc priest is moderately wounded.
The orc priest hits you with a glowing flail.
* * * LOW HITPOINT WARNING * * *
The orc priest mumbles some strange prayers to Beogh against you.
You barely resist.
The orc priest mumbles some strange prayers to Beogh.
You feel troubled.
The orc priest invokes the aid of Beogh against you.
Something smites you!
Ouch! That really hurt!
You die...

.# #.....# .# #######
#.....#
.#####.....#########.##
.....'.....'..#......#
.#####.....##.#.######
.....########.#.#
.###.# #.#.# .....#
#.#.###### . .#####
#.#.@..o.# .# .#
#.######.##.# .# #.#
#..#.# .############.#
##.#.# ..............#
#.#.#
.##################
#.#.# ............
.......#.#.#######
............
......o'......[>..
#.#<........
.......#.#########


You could see an orc priest.

Vanquished Creatures
  Terence (D:3)
  4 adders (D:2)
  2 giant geckos (D:1)
  3 bats
  A giant cockroach (D:1)
  8 goblins
  5 hobgoblins
  6 kobolds
  2 giant newts (D:1)
  6 rats
38 creatures vanquished.

Notes
Turn   | Place    | Note
--------------------------------------------------------------
     0 | D:1      | dwapunkty, the Gargoyle Earth Elementalist, began the quest for the Orb.
     0 | D:1      | Reached XP level 1. HP: 10/10 MP: 3/3
     5 | D:1      | Noticed Suxuo the pandemonium lord
     7 | D:1      | Noticed an iron devil
    10 | D:1      | Noticed a reaper
    37 | D:1      | Noticed an ice devil
    46 | D:1      | Noticed an Executioner
   200 | D:1      | Reached XP level 2. HP: 10/15 MP: 4/4
   284 | D:1      | Reached skill level 4 in Earth Magic
   855 | D:1      | Reached XP level 3. HP: 13/19 MP: 4/6
  1106 | D:2      | Learned a level 3 spell: Stone Arrow
  1435 | D:2      | Reached XP level 4. HP: 20/24 MP: 7/7
  1925 | D:3      | Noticed Terence
  1932 | D:3      | Killed Terence
  2008 | D:3      | Noticed Jessica
  2055 | D:3      | Killed from afar by an orc priest

Action                   |  1- 3 |  4- 6 || total
-------------------------+-------+-------++-------
Melee: Unarmed           |    10 |       ||    10
       Short sword       |    65 |    28 ||    93
 Fire: Sling             |    13 |       ||    13
Throw: Stone             |     1 |       ||     1
 Cast: Sandblast         |     8 |       ||     8
       Stone Arrow       |     1 |     2 ||     3
  Use: Scroll            |     7 |     3 ||    10
       Potion            |     1 |     1 ||     2
 Stab: Sleeping          |       |     1 ||     1
